 Dungeon Crawl Stone Soup version 0.29.1-1-gd02db6906a (webtiles) character file.

Game seed: 15356831811576527689

0 FallenXxXSky the Sneak (level 1, -2/19 HPs)
             Began as a Draconian Delver on Oct 12, 2022.
             Slain by an orc
             ... wielding a +0 flail
              (8 damage)
             ... on level 3 of the Dungeon.
             The game lasted 00:00:48 (72 turns).

FallenXxXSky the Sneak (Draconian Delver)             Turns: 72, Time: 00:00:49

Health: -2/19      AC:  4    Str: 14    XL:     1   Next: 8%
Magic:  1/1        EV: 12    Int: 10    God:
Gold:   0          SH:  0    Dex: 12    Spells: 0/0 levels left

rFire   . . .      SeeInvis .   a - +0 mace
rCold   . . .      Faith    +   (no shield)
rNeg    . . .      Spirit   .   (body armour unavailable)
rPois   .          Reflect  .   (helmet restricted)
rElec   .          Harm     .   (no cloak)
rCorr   .          Rampage  .   (no gloves)
Will    .....                   (no boots)
Stlth   +++.......              h - amulet of faith
HPRegen 0.06/turn               (no ring)
MPRegen 0.07/turn               (no ring)

@: no status effects
A: AC +4, unfitting armour, cold-blooded
a: no special abilities


You were on level 3 of the Dungeon.
You visited 1 branch of the dungeon, and saw 3 of its levels.

Inventory:

Hand Weapons
 a - a +0 mace (weapon)
Jewellery
 h - an amulet of faith (around neck)
Wands
 f - a wand of digging (3)
Scrolls
 b - a scroll of fog
 c - a scroll of magic mapping
 d - a scroll of fear
Potions
 e - a potion of haste
 g - a potion of curing {unknown}


   Skills:
 - Level 3.2 Fighting
 + Level 2.0 Maces & Flails
 - Level 1.7 Dodging
 - Level 4.5 Stealth


You couldn't memorise any spells.
You didn't know any spells.
Your spell library was empty.

Dungeon Overview and Level Annotations

Branches:
Dungeon (5/15)
 Temple: D:4-7

Altars:

Shops:
D:4 ?

Annotations:
D:5 Eustachio


Innate Abilities, Weirdness & Mutations

Your plain brown scales are hard. (AC +4)
You cannot fit into any form of body armour.
You are cold-blooded and may be slowed by cold attacks.


Message History

The goblin is moderately wounded.
The goblin hits you with a +0 dagger.
You closely miss the goblin.
The goblin is moderately wounded.
The goblin closely misses you.
You hit the goblin.
You kill the goblin!
No target in view!
No target in view!
There is a stone staircase leading down here.
h - an amulet of faith You start putting on your amulet.
You continue putting on your amulet of faith. x5
You finish putting on your amulet of faith.
You feel a strange surge of divine interest.
h - an amulet of faith (around neck)
An orc comes into view. It is wielding a +0 flail.
Found 4 large rocks.
You see here 4 large rocks.
The helpless orc fails to defend itself.
You hit the orc but do no damage.
Your tail-slap misses the orc.
The orc hits you with a +0 flail!
You closely miss the orc.
Your tail-slap misses the orc.
The orc barely misses you.
You closely miss the orc. The orc hits you with a +0 flail.
The orc closely misses you.
You are too injured to fight recklessly!
You barely miss the orc. You tail-slap the orc.
The orc is lightly wounded.
The orc barely misses you.
You hit the orc.
The orc is severely wounded.
The orc hits you with a +0 flail.
You barely miss the orc.
The orc is severely wounded.
The orc barely misses you. The orc closely misses you.
You closely miss the orc.
The orc is severely wounded.
The orc hits you with a +0 flail!
You die...

### ..# #.# #.# #.# #.#
#.# #.# #.#### #o# #.#..
#@# #.#.#####.
###.##.#######.#...)...
.................>######
####.##.#####...#.......
# #.# #####.###### #..
..# ### #.# #.# #.#


You could see an orc.

Vanquished Creatures
  A goblin (D:3)
1 creature vanquished.

Notes
Turn   | Place    | Note
-------+----------+-------------------------------------------
     0 | D:5      | FallenXxXSky the Draconian Delver began the quest for the
                  | Orb.
     0 | D:5      | Reached XP level 1. HP: 19/19 MP: 1/1
     6 | D:5      | Noticed Eustachio
    20 | D:4      | Found Coruumab's Magic Scroll Shoppe.
    72 | D:3      | Slain by an orc

Illustrated notes

Levels and vault maps discovered:
D:3:      layout_basic
D:4:      layout_basic, mainiacjoe_overflow_concentric_impassable,
          minmay_temple_entry_overgrown, serial_shops,
          nicolae_shop_hallway_stairs
D:5:      layout_rooms, grunt_temple_overflow_open, serial_rivers,
          chequers_serial_rivers_large_b, chequers_serial_rivers_small_a,
          chequers_serial_rivers_micro_b, chequers_serial_rivers_micro_b,
          chequers_serial_rivers_room_b, chequers_serial_rivers_small_b,
          goddamned_bats, uniq_eustachio

Action                   || total
-------------------------++-------
Melee: Mace              ||    11
       Tailslap          ||     1
 Stab: Sleeping          ||     2
Armor: Skin              ||     1
Dodge: Dodged            ||     6
